 Dungeon Crawl Stone Soup version 0.20-a0-313-g10ed074 (webtiles) character file.

1610 Junicave the Cleaver (level 8, -16/159 HPs)
             Began as a Hill Orc Fighter on Dec 20, 2016.
             Was a Believer of Beogh.
             Killed from afar by an iguana (33 damage)
             ... with an exploding inner flame
             ... hexed by the player character
             ... on level 7 of the Dungeon.
             The game lasted 00:24:11 (6863 turns).

Junicave the Cleaver (Hill Orc Fighter)             Turns: 6863, Time: 00:24:12

Health: -16/159    AC: 24    Str: 26    XL:     8   Next: 95%
Magic:  11/11      EV:  2    Int:  8    God:    Beogh [**....]
Gold:   233        SH:  0    Dex: 15    Spells: 7/7 levels left

rFire  . . .     SeeInvis .     a - +1 war axe
rCold  . . .     Gourm    .     (armour currently unavailable)
rNeg   + + +     Faith    .     c - +0 shield
rPois  +         Spirit   .     (helmet currently unavailable)
rElec  .         Reflect  .     (cloak currently unavailable)
rCorr  .         Harm     .     (gloves currently unavailable)
MR     .....     NoTele   +     (boots currently unavailable)
Stlth  ..........               (no amulet)
                                (no ring)
                                (no ring)

@: confused, agile, berserking, tree-form, vulnerable, drained, very quick
A: no striking features
a: Smiting, Renounce Religion


You were on level 7 of the Dungeon.
You worshipped Beogh.
Beogh was pleased with you.
You were not hungry.
You were a tree.
You visited 2 branches of the dungeon, and saw 8 of its levels.
You also visited: Sewer.

You collected 233 gold pieces.

Inventory:

Hand Weapons
 a - a +1 war axe (weapon)
Armour
 c - a +0 shield (worn)
 s - a +0 cloak (melded)
 u - a +1 chain mail (melded)
 v - a +2 hat (melded)
Scrolls
 e - 3 scrolls of recharging
 g - 5 scrolls of teleportation
 h - 3 scrolls of identify
 i - 4 scrolls of magic mapping
 j - 2 scrolls of vulnerability
 k - 2 scrolls of blinking
 m - 5 scrolls of remove curse
 n - 2 scrolls of immolation
 y - a scroll of random uselessness
Potions
 d - a potion of might
 l - 2 potions of lignification
 p - 8 potions of flight
 q - a potion of mutation
 t - a potion of agility
 x - a potion of curing {unknown}
Comestibles
 f - 5 bread rations
 r - 2 beef jerkies
 z - 4 fruits


   Skills:
 * Level 6.3(5.8) Fighting
 * Level 9.6(9.0) Axes
 + Level 5.4(4.9) Armour
 + Level 1.9(1.4) Dodging
 + Level 5.3(4.8) Shields
 + Level 4.4(3.9) Invocations


You had 7 spell levels left.
You didn't know any spells.

Dungeon Overview and Level Annotations

Branches:
Dungeon (7/15)             Temple (1/1) D:5

Altars:
Ashenzari
Cheibriados
Dithmenos
Elyvilon
Fedhas
Gozag
Hepliaklqana
Kikubaaqudgha
Makhleb
Nemelex Xobeh
Okawaru
Qazlal
Ru
Sif Muna
Trog
Uskayaw
Vehumet
Xom
Yredelemnul
Zin
The Shining One

Annotations:
D:3 yrara's ghost, novice GrGl


Message History

The wight hits you but does no damage.
The centaur hits you but does no damage.
The iguana bites you.
* * * LOW HITPOINT WARNING * * *
The wight barely misses you.
You cannot move. (Use ctrl+direction to attack without moving.)
You are too berserk!
You cannot move. (Use ctrl+direction to attack without moving.)
You hit the iguana.
The iguana is heavily wounded.
You slash the centaur! You slash the wight! You barely miss the wight.
The centaur hits you but does no damage.
The wight hits you but does no damage.
The iguana bites you but does no damage.
You slash the centaur!
The centaur explodes!
The fiery explosion engulfs the iguana.
The iguana explodes!
The fiery explosion engulfs you!
You die...

.......)........)'.......#.
##..............#######...
#..............# ####..
#...(..######### #.....
#......# #.....
#......###### #.....
#......#....##### #.....
#......(.z......# #.....
.......§§♣z....... +.....
.#######§§§§......# #.....
#§.§§......# #...##
#.....!....# #... #
#..(.......# #...
#.....:.!..# #..
#.......?### +........+ .
#(.......# ##


You could see 2 wights.

Vanquished Creatures
  Grinder (D:3)
  2 ice beasts (D:6)
  A sky beast (D:6)
  A centaur (D:7)
  3 wights (D:7)
  A howler monkey (D:6)
  A jelly (D:7)
  4 orc priests
  A bullfrog skeleton (D:6)
  A hound (D:7)
  3 orc wizards
  An iguana (D:4)
  Ijyb (D:2)
  3 worker ants
  A merfolk siren (Sewer)
  A merfolk avatar (Sewer)
  3 hound skeletons
  4 gnolls
  4 river rats
  11 adders
  A shadow imp (D:5)
  2 oozes
  An adder skeleton (D:6)
  6 worms
  3 dart slugs
  6 leopard geckos
  37 orcs
  6 giant cockroaches
  9 goblins
  10 hobgoblins
  2 jackals (D:7)
  4 quokkas
  13 ball pythons
  8 bats
  8 frilled lizards
  7 kobolds
  A leopard gecko skeleton (D:6)
  28 rats
200 creatures vanquished.

Vanquished Creatures (others)
  An orc wizard (D:7)
  An orc (D:4)
  A ball python (D:4)
3 creatures vanquished.

Grand Total: 203 creatures vanquished

Notes
Turn   | Place    | Note
-------+----------+-------------------------------------------
     0 | D:1      | Junicave the Hill Orc Fighter began the quest for the Orb.
     0 | D:1      | Reached XP level 1. HP: 19/19 MP: 1/1
    46 | D:1      | Reached skill level 3 in Axes
   338 | D:1      | Reached XP level 2. HP: 25/26 MP: 2/2
   512 | D:1      | Reached skill level 4 in Axes
   683 | D:2      | Reached XP level 3. HP: 21/31 MP: 3/3
   796 | D:2      | Reached skill level 5 in Axes
   812 | D:2      | Noticed Ijyb
   823 | D:2      | Killed Ijyb
   823 | D:2      | Reached XP level 4. HP: 30/39 MP: 4/4
   981 | D:2      | Found a bloodstained altar of Trog.
   987 | D:2      | Reached skill level 6 in Axes
  1548 | D:2      | Reached XP level 5. HP: 35/45 MP: 5/5
  1706 | D:2      | HP: 2/45 [poisoned by a gnoll]
  1897 | D:3      | Reached skill level 7 in Axes
  2513 | D:3      | Noticed Grinder
  2549 | D:3      | Killed Grinder
  2549 | D:3      | Reached skill level 8 in Axes
  2549 | D:3      | Reached XP level 6. HP: 42/52 MP: 6/6
  2578 | D:3      | Noticed yrara's ghost (novice GrGl)
  3184 | D:2      | Reached XP level 7. HP: 30/59 MP: 7/7
  3466 | D:4      | Found a glowing drain.
  3582 | Sewer    | Entered a sewer
  4413 | D:4      | Became a worshipper of Beogh the Brigand
  4886 | D:5      | Entered Level 5 of the Dungeon
  4909 | D:5      | Found a staircase to the Ecumenical Temple.
  4916 | Temple   | Entered the Ecumenical Temple
  5101 | D:5      | Reached skill level 5 in Fighting
  5615 | D:5      | Reached * piety under Beogh
  5616 | D:5      | Reached skill level 1 in Dodging
  5616 | D:5      | Reached skill level 1 in Invocations
  5880 | D:6      | Reached XP level 8. HP: 66/68 MP: 9/9
  5926 | D:6      | Reached skill level 5 in Shields
  5932 | D:6      | Reached skill level 9 in Axes
  6236 | D:6      | Reached skill level 5 in Armour
  6837 | D:7      | Reached ** piety under Beogh
  6850 | D:7      | Gained mutation: Your mind is acute. (Int +2) [potion of mutation]
  6850 | D:7      | Gained mutation: Your spells are a little easier to cast, but a little less powerful. [potion of mutation]
  6850 | D:7      | Gained mutation: Your mind is very acute. (Int +4) [potion of mutation]
  6859 | D:7      | Lost mutation: Your mind is very acute. (Int +4) [potion of cure mutation]
  6859 | D:7      | Lost mutation: Your mind is acute. (Int +2) [potion of cure mutation]
  6859 | D:7      | Lost mutation: Your spells are a little easier to cast, but a little less powerful. [potion of cure mutation]
  6863 | D:7      | Killed from afar by an iguana

Vault maps used:
D:1:      lemuel_arrival_lava_pool, minmay_tree_intersection
D:2:      first_bread, trog_butcher_becter, uniq_iyjb
D:3:      uniq_grinder
D:4:      portal_sewer_entry_a
D:5:      corexii_shack_village
Temple:   compressed_dpeg_circular_temple
Sewer:    sewer_sea

Skill      XL: |  1  2  3  4  5  6  7  8 |
---------------+-------------------------+-----
Axes           | 3 4 5 6 8 9 |  9.6
Fighting       | 4 5 6 |  6.3
Armour         | 4 5 |  5.4
Shields        | 4 5 |  5.3
Dodging        | 1 |  1.9
Invocations    | 1 4 |  4.4

Action                   |  1- 3 |  4- 6 |  7- 9 || total
-------------------------+-------+-------+-------++-------
Melee: War axe           |    65 |   209 |   424 ||   698
Invok: Convert to Beogh  |       |       |     1 ||     1
  Use: Potion            |       |     3 |     6 ||     9
       Scroll            |       |       |    11 ||    11
  Eat: Chunk             |       |     7 |    11 ||    18
       Meat ration       |       |       |     1 ||     1
Armor: Scale mail        |    38 |    92 |       ||   130
       Chain mail        |       |     3 |   194 ||   197
       Skin              |       |       |    27 ||    27
Dodge: Dodged            |    20 |    73 |    89 ||   182
Block: Shield            |    36 |   139 |   223 ||   398
